Cogmind - Beta 14 @@@ ROGUE MODE // 2024.11.20 @ 13:01:27 Player: Mathewnd Result: Destroyed by G-47 Trooper with Particle Gun Performance ------------- Evolutions (3) 1500 Regions Visited (5) 1000 Robots Destroyed (71) 355 Value Destroyed (2270) 2270 Prototype IDs (5) 100 Alien Tech Used (0) 0 Bonus (74) 74 TOTAL SCORE: 5299 Bonus ------- High Alert Combat Kills 74 Cogmind --------- Core Integrity 0/700 Matter 234/300 Energy 15/100 System Corruption 8% Temperature Cool (9) Movement Core (100) Ox1 Location -7/Lower Caves Parts ------- > --- POWER (2) -------- (None) > --- PROPULSION (4) --- (None) > --- UTILITY (5) ------ Structural Scanner Improved Sensor Array Improved Signal Interpreter Launcher Guidance Computer > --- WEAPON (2) ------- Heavy Laser > --- INVENTORY (5) ---- Hardlight Generator Peak State ------------ > --- POWER ------------ Improved Deuterium Engine Improved Deuterium Engine > --- PROPULSION ------- Titanium Leg Titanium Leg Improved Titanium Leg Gravmag System > --- UTILITY ---------- Small Storage Unit Structural Scanner Advanced Targeting Computer Improved Light Armor Plating Improved Shield Generator > --- WEAPON ----------- Gatling Laser Gauss Cannon > --- INVENTORY -------- Carbon-fiber Leg Cesium-ion Thruster Improved Sensor Array Improved Signal Interpreter Launcher Guidance Computer Mini Assault Cannon [Rating: 44] Favorites ----------- Power Improved Deuterium Engine Engine Improved Deuterium Engine Power Core Light Nuclear Core Propulsion Aluminum Leg Leg Aluminum Leg Hover Unit Gravmag System Flight Unit Cesium-ion Thruster Utility Small Storage Unit Device Structural Scanner Storage Small Storage Unit Processor Advanced Targeting Computer Protection Improved Light Armor Plating Weapon Gauss Cannon Energy Gun Medium Laser Energy Cannon Heavy Particle Cannon Ballistic Gun Subdweller Machine Gun Ballistic Cannon Gauss Cannon Launcher Missile Launcher Special Weapon Mining Laser Build | -11 -10 -10 -8 -7 -7 ------- Run | Yrd Mat Sub Mat Fac Low Slots Evolved 6 | . . . 4 2 . Power 1 | . . . . 1 . Propulsion 2 | . . . 2 . . Utility 3 | . . . 2 1 . Weapon . | . . . . . . Parts Attached 89 | 6 4 8 26 34 11 Power 14 | 1 . 2 3 6 2 Engine 9 | 1 . 2 1 5 . Core 5 | . . . 2 1 2 Reactor . | . . . . . . Propulsion 25 | 2 . 2 8 11 2 Treads . | . . . . . . Leg 20 | 2 . 2 8 8 . Wheel . | . . . . . . Hover 2 | . . . . 1 1 Flight 3 | . . . . 2 1 Utility 21 | 1 1 . 6 8 5 Device 9 | . . . 3 4 2 Storage 2 | 1 . . . 1 . Processor 4 | . . . 2 . 2 Hackware . | . . . . . . Protection 6 | . 1 . 1 3 1 Artifact . | . . . . . . Weapon 29 | 2 3 4 9 9 2 Energy Gun 8 | 2 2 . . 2 2 Energy Cannon 8 | . . 1 5 2 . Ballistic Gun 3 | . . 1 2 . . Ballistic Cannon 3 | . . . . 3 . Launcher 6 | . 1 1 2 2 . Special Weapon 1 | . . 1 . . . Impact Weapon . | . . . . . . Slashing Weapon . | . . . . . . Piercing Weapon . | . . . . . . Special Melee Weapon . | . . . . . . Unidentified Prototypes 2 | . . . . 2 . Parts Lost 34 | . 1 3 . 12 18 Power 5 | . . . . 1 4 Propulsion 13 | . . 1 . 6 6 Utility 7 | . . . . 2 5 Weapon 9 | . 1 2 . 3 3 Highest Loss Streak 8 | . 1 3 . 6 8 To Critical Strikes 1 | . . . . . 1 Average Slot Usage (%) 87 | . 97 99 99 77 78 Engine 8 | . 14 14 6 10 2 Core 2 | . . . 2 1 5 Leg 21 | . 28 27 35 17 7 Hover 1 | . . . . . 5 Flight 1 | . . . . . 5 Device 8 | . . . 16 8 14 Storage 9 | . 14 14 9 7 6 Processor 3 | . . . 1 7 7 Protection 9 | . 11 14 9 8 6 Energy Gun 8 | . 27 3 . . 11 Energy Cannon 4 | . . 11 13 3 . Ballistic Gun 2 | . . 11 4 . . Ballistic Cannon 2 | . . . . 5 1 Peak Build Rating 44 | 6 7 11 27 44 43 Average Rating 22 | 3 6 9 21 29 31 On Entrance 15 | . 6 7 10 27 43 Naked Turns . | . . . . . . Heaviest Build 47 | 12 13 23 30 47 44 Greatest Support 69 | 20 20 20 50 69 69 Greatest Overweight (x) 7 | . . 1 1 7 4 Average Overweight (x) . | . . . . 1 1 Largest Inventory Capacity 8 | 8 8 8 8 8 8 Average Capacity 7 | 7 8 8 8 8 7 Most Carried 8 | 8 8 8 8 8 8 Average Carried 6 | 4 7 7 7 7 4 Final Capacity 8 | 8 8 8 8 8 5 Final Carried 8 | 6 7 8 8 7 1 Class Distribution -------------------- 81% | Mutant 18% | Scavenger-Mutant Dominant Class ---------------- Mutant | -10/Materials Mutant | -10/Subcaves Scavenger-Mutant | -8/Materials Mutant | -7/Factory Mutant | -7/Lower Caves Resources | -11 -10 -10 -8 -7 -7 ----------- Run | Yrd Mat Sub Mat Fac Low Matter Collected 1857 | 206 94 109 393 612 443 Remotely . | . . . . . . Salvage Created 1868 | . 233 280 477 449 429 Parts 135 | . 23 16 42 35 19 Haulers Intercepted 1 | . . . 1 . . Recyclers Shooed . | . . . . . . Parts Field Recycled . | . . . . . . Retrieved Matter . | . . . . . . Parts Self-Destructed 16 | . . 5 . . 11 Prevented . | . . . . . . Kills | -11 -10 -10 -8 -7 -7 ------- Run | Yrd Mat Sub Mat Fac Low Combat Hostiles Destroyed 61 | . 11 7 14 16 13 Guns 24 | . 8 1 4 1 10 Cannons 22 | . . 4 7 8 3 AOE 14 | . 3 1 3 7 . Classes Destroyed 13 | . 2 1 5 4 1 Worker 3 | . . . . 3 . Builder 1 | . . . . 1 . Tunneler 1 | . . . . 1 . Hauler 1 | . . . 1 . . Operator 2 | . . . 2 . . Watcher 2 | . . . 1 1 . Swarmer 28 | . 8 . 8 4 8 Grunt 14 | . 3 4 1 4 2 Sentry 6 | . . . 4 1 1 Hunter 3 | . . . 1 2 . Programmer 5 | . . . . 5 . Subdweller 3 | . . 3 . . . Thug 1 | . . . . . 1 Savage 1 | . . . . . 1 Best Kill Streak 6 | . 4 2 6 5 3 Combat Bots Only 6 | . 4 2 6 4 3 Max Kills in Single Turn 4 | . 3 1 2 4 2 Gunslinging . | . . . . . . Exploded 3 | . 3 1 2 2 . Melee . | . . . . . . Uniques/NPCs Destroyed . | . . . . . . Combat | -11 -10 -10 -8 -7 -7 -------- Run | Yrd Mat Sub Mat Fac Low Hostile Shots Fired 537 | . 42 47 89 177 182 Missed 171 | . 11 17 33 54 56 Damage Taken 5152 | . 333 473 657 1807 1882 Core 895 | . 35 79 81 344 356 Absorbed by Shields 135 | . . . . 99 36 Redirected to Shielding 13 | . 5 8 . . . Regen/Repaired (Parts) 183 | . 68 . 115 . . Core Remaining (%) 79 | 100 . 54 85 . . Volleys Fired 186 | . 32 28 37 53 36 Largest 2 | . 2 2 2 2 2 Hottest 150 | . 90 150 135 128 128 Shots Fired 333 | . 62 51 73 84 63 Gun 170 | . 62 34 23 11 40 Cannon 135 | . . 13 47 52 23 Launcher 26 | . . 2 3 21 . Special 2 | . . 2 . . . Kinetic 93 | . . 13 23 34 23 Thermal 190 | . 46 36 47 29 32 Explosive 26 | . . 2 3 21 . Electromagnetic 24 | . 16 . . . 8 Robot Hit Streak 17 | . 17 6 7 9 6 Robot Miss Streak 8 | . 5 2 8 4 8 Penetration Max . | . . . . . . Secondary Targets 1 | . . . . . 1 Max Gunslinging Chain 1 | . . . . . 1 Shots Hit Robots 194 | . 38 30 35 51 40 Core Hits 119 | . 18 11 25 38 27 Critical Kills 1 | . . 1 . . . Critical Parts Destroyed 1 | . . . 1 . . Critical Strikes 13 | . 4 2 1 4 2 Burn 3 | . 2 1 . . . Meltdown 1 | . . 1 . . . Destroy 1 | . . . 1 . . Blast 6 | . . . . 4 2 Corrupt 2 | . 2 . . . . Melee Attacks . | . . . . . . Impact . | . . . . . . Slashing . | . . . . . . Piercing . | . . . . . . Sneak Attacks . | . . . . . . Combat Hostiles . | . . . . . . Follow-up Attacks . | . . . . . . Damage Inflicted 5349 | . 538 580 1019 2410 802 Guns 1585 | . 470 282 212 135 486 Cannons 2084 | . . 197 619 959 309 Explosions 1640 | . 68 77 188 1307 . Melee . | . . . . . . Ramming 16 | . . . . 9 7 Kinetic 1271 | . . 88 212 662 309 Thermal 2388 | . 335 415 619 565 454 Explosive 1439 | . . 77 188 1174 . Electromagnetic 235 | . 203 . . . 32 Impact . | . . . . . . Slashing . | . . . . . . Piercing . | . . . . . . Highest Corruption 8 | . . . . 3 8 Average Corruption 5 | . . . . 2 7 Corruption Purged . | . . . . . . Corruption Blocked . | . . . . . . Effects 71 | . . . . 24 47 Message Errors 21 | . . . . 11 10 Matter Fused 20 | . . . . 8 12 Heat Flow Errors 10 | . . . . 2 8 Energy Discharges 4 | . . . . 1 3 Data Loss (minor) 7 | . . . . 1 6 Data Loss (major) 2 | . . . . . 2 Misfires 3 | . . . . . 3 Alerts 3 | . . . . 1 2 Weapon Failures 1 | . . . . . 1 Overload Shots . | . . . . . . Overflow Damage 140 | . . . 26 114 . Projectiles 120 | . . . 26 94 . Explosions 20 | . . . . 20 . Melee . | . . . . . . Knockbacks 6 | . . . . 2 4 Impact . | . . . . . . Kinetic 6 | . . . . 2 4 Secondary . | . . . . . . Self-Inflicted Damage 72 | . . . . 72 . Shots 2 | . . . . 2 . Rammed . | . . . . . . Targets Rammed 2 | . . . . 1 1 Kicked 2 | . . . . 1 1 Crushed . | . . . . . . Highest Temperature 416 | . 306 12 374 416 352 Average Temperature 115 | . 75 7 82 162 101 Received Heat Transfer 1083 | . 126 207 180 303 267 Effects 10 | . 1 . 1 6 2 Shutdowns 2 | . . . . 2 . Energy Bleed 2 | . . . . 2 . Interference 3 | . 1 . . 2 . Matter Decay 1 | . . . . . 1 Short Circuit 1 | . . . . . 1 Damage (minor) 1 | . . . 1 . . Siege Activations . | . . . . . . Robots Corrupted . | . . . . . . Combat Hostiles . | . . . . . . Parts Fried . | . . . . . . Impact Corruptions . | . . . . . . Robots Melted 1 | . . 1 . . . Combat Hostiles 1 | . . 1 . . . Parts Melted 6 | . . 2 1 1 2 Heat Transferred 4648 | . 1029 927 925 757 1010 Parts Sabotaged . | . . . . . . Parts Stolen . | . . . . . . Parts Stripped . | . . . . . . Power Chain Reactions 1 | . 1 . . . . Alert | -11 -10 -10 -8 -7 -7 ------- Run | Yrd Mat Sub Mat Fac Low Peak Influence 614 | . 320 . 614 297 . Initial 279 | . . . . 279 . Average 185 | . 154 . 223 189 . Maximum Alert Level 2 | . 1 . 2 1 . Low Security (%) 55 | 100 43 . 60 58 . Level 1 36 | . 56 . 1 41 . Level 2 8 | . . . 37 . . Level 3 . | . . . . . . Level 4 . | . . . . . . Level 5 . | . . . . . . High Security . | . . . . . . Max Security . | . . . . . . Squads Dispatched 11 | . 3 . . 8 . Investigation 2 | . 1 . . 1 . Extermination 5 | . . . . 5 . Reinforcement 4 | . 2 . . 2 . Assault . | . . . . . . Garrison . | . . . . . . Intercept . | . . . . . . Searches Triggered . | . . . . . . Construction Impeded 1 | . . . . 1 . Haulers Reinforced 1 | . . . . 1 . Active Scanning Responses . | . . . . . . Cargo Convoy Interrupts . | . . . . . . Stealth | -11 -10 -10 -8 -7 -7 --------- Run | Yrd Mat Sub Mat Fac Low Distress Signals 4 | . . . 3 1 . Communications Jammed . | . . . . . . Distress Signals . | . . . . . . Times Spotted 113 | . 27 8 34 22 22 Peak Tracking Total 11 | . 4 2 11 5 9 Tactical Retreats 11 | . 2 . 6 1 2 Traps | -11 -10 -10 -8 -7 -7 ------- Run | Yrd Mat Sub Mat Fac Low Traps Triggered 2 | . . . 1 1 . Indirectly . | . . . . . . Trap Hack Attempts . | . . . . . . Triggered . | . . . . . . Disarmed . | . . . . . . Reprogrammed 4 | . 4 . . . . Reused 4 | . 4 . . . . Traps Extracted . | . . . . . . Installed . | . . . . . . Triggered 4 | . 4 . . . . Machines | -11 -10 -10 -8 -7 -7 ---------- Run | Yrd Mat Sub Mat Fac Low Machines Disabled 11 | . 1 . 4 6 . Max in Single Turn 4 | . 1 . 1 4 . Machines Repaired . | . . . . . . Machines Dismantled . | . . . . . . Machines Sabotaged . | . . . . . . Overloaded Fab Kills . | . . . . . . Hacking | -11 -10 -10 -8 -7 -7 --------- Run | Yrd Mat Sub Mat Fac Low Machines Accessed 18 | . 7 1 5 5 . Terminals 11 | . 6 . 3 2 . Fabricators 1 | . . . . 1 . Repair Stations 4 | . 1 . 1 2 . Recycling Units . | . . . . . . Scanalyzers 1 | . . . 1 . . Garrison Access . | . . . . . . Total Hacks 46 | . 18 5 15 8 . Successful 31 | . 13 5 10 3 . Failed 15 | . 5 . 5 5 . Catastrophic 4 | . 1 . 1 2 . Database Lockouts . | . . . . . . Manual . | . . . . . . Terminals 26 | . 15 . 7 4 . Fabricators 2 | . . . . 2 . Repair Stations 10 | . 3 . 5 2 . Recycling Units . | . . . . . . Scanalyzers 3 | . . . 3 . . Garrison Access . | . . . . . . Terminal Hacks 21 | . 11 5 3 2 . Record 6 | . 1 5 . . . Prototype ID Bank 1 | . 1 . . . . Alert Level 1 | . . . . 1 . Locate Traps 3 | . 2 . 1 . . Reprogram Traps 1 | . 1 . . . . Dispatch Records 1 | . 1 . . . . Maintenance Status 1 | . 1 . . . . Reinforcement Status 1 | . 1 . . . . Hauler Manifests 3 | . 1 . 2 . . Zone Layout 3 | . 2 . . 1 . Fabricator Hacks 1 | . . . . 1 . Network Status 1 | . . . . 1 . Repair Station Hacks 7 | . 2 . 5 . . Scan Component 4 | . 1 . 3 . . Repair 3 | . 1 . 2 . . Recycling Unit Hacks . | . . . . . . Scanalyzer 2 | . . . 2 . . Insert Component 1 | . . . 1 . . Analyze 1 | . . . 1 . . Garrison Access Hacks . | . . . . . . Unauthorized Hacks . | . . . . . . Terminals . | . . . . . . Fabricators . | . . . . . . Repair Stations . | . . . . . . Recycling Units . | . . . . . . Scanalyzers . | . . . . . . Garrison Access . | . . . . . . Data Cores Recovered 2 | . . . 2 . . Used . | . . . . . . Hacking Detections 13 | . 6 . 3 4 . Full Trace Events 1 | . 1 . . . . Feedback Events . | . . . . . . Feedback Blocked . | . . . . . . Robot Schematics Acquired . | . . . . . . Robots Built . | . . . . . . Authchips . | . . . . . . Time . | . . . . . . Total Robot Build Rating . | . . . . . . Part Schematics Acquired 1 | . . . 1 . . Parts Built . | . . . . . . Authchips . | . . . . . . Time . | . . . . . . Total Part Build Rating . | . . . . . . Parts Repaired 3 | . 1 . 2 . . Time 78 | . 26 . 52 . . Parts Recycled . | . . . . . . Recycled Matter . | . . . . . . Retrieved Matter . | . . . . . . Retrieved Components . | . . . . . . Parts Scanalyzed 1 | . . . 1 . . Part Schematics Acquired 1 | . . . 1 . . Parts Damaged . | . . . . . . Bothacking | -11 -10 -10 -8 -7 -7 ------------ Run | Yrd Mat Sub Mat Fac Low Used RIF Installer . | . . . . . . Robots Hacked . | . . . . . . Non-combat . | . . . . . . Combat . | . . . . . . Robot Hacks Applied . | . . . . . . Relay Couplers Released . | . . . . . . Fabnet Peak Effective % . | . . . . . . Robots Rewired . | . . . . . . Allies Hacked . | . . . . . . Hacks Repelled . | . . . . . . Allies | -11 -10 -10 -8 -7 -7 -------- Run | Yrd Mat Sub Mat Fac Low Total Allies . | . . . . . . Largest Group . | . . . . . . Highest-Rated Group . | . . . . . . Highest-Rated Ally . | . . . . . . Total Orders . | . . . . . . Ally Attacks . | . . . . . . Total Damage . | . . . . . . Kills . | . . . . . . Allies Corrupted . | . . . . . . Allies Melted . | . . . . . . Intel | -11 -10 -10 -8 -7 -7 ------- Run | Yrd Mat Sub Mat Fac Low Robot Analysis Total . | . . . . . . Derelict Logs Recovered 2 | . . 1 . . 1 Drone Launches . | . . . . . . Drone Recoveries . | . . . . . . Exploration | -11 -10 -10 -8 -7 -7 ------------- Run | Yrd Mat Sub Mat Fac Low Turns Passed 7268 | 64 1253 968 1065 2331 1587 Spaces Moved 4123 | 44 877 493 659 1187 863 Core 135 | 8 . . . 120 7 Treads . | . . . . . . Legs 3310 | 36 877 493 659 1017 228 Wheels . | . . . . . . Hover 628 | . . . . . 628 Flight 50 | . . . . 50 . Fastest Speed 50 | 50 120 120 120 100 100 Average Speed 149 | 107 120 174 120 164 168 Slowest Speed 435 | 120 120 190 190 435 250 Overloaded Moves . | . . . . . . Propulsion Burnouts . | . . . . . . Robots Hopped . | . . . . . . Cave-ins Triggered . | . . . . . . Exploration Rate (%) 47 | 5 92 31 49 27 80 Regions Visited 5 Branch Regions 2 Pre-discovered Areas 1 | . . 1 . . . Known Exits Taken . | . . . . . . Unknown Exits Taken 5 | 1 1 1 1 1 . Scrap Searched 10 | . . 7 . . 3 Spaces Dug . | . . . . . . Terrain Destroyed 161 | . 1 12 42 98 8 Melee . | . . . . . . Projectile 32 | . . . 13 11 8 AOE 129 | . 1 12 29 87 . Terrain Rammed . | . . . . . . Walls Destroyed . | . . . . . . Machines Disabled . | . . . . . . Actions | -11 -10 -10 -8 -7 -7 --------- Run | Yrd Mat Sub Mat Fac Low Total 4909 | 61 1017 546 865 1485 935 Wait 361 | . 93 2 102 148 16 Move 4118 | 43 876 492 658 1186 863 Hop . | . . . . . . Pick Up 98 | 12 8 10 26 36 6 Fast Attach . | . . . . . . Attach 54 | 6 3 3 9 22 11 Detach 4 | . . . . 4 . Swap 35 | . 1 5 17 12 . Drop 51 | . 4 6 16 23 2 Fire 186 | . 32 28 37 53 36 Melee . | . . . . . . Ram . | . . . . . . Kick 2 | . . . . 1 1 Crush . | . . . . . . Escape Stasis . | . . . . . . Rewire . | . . . . . . Trap . | . . . . . . Miscellaneous . | . . . . . . Route ------- -11/Scrapyard -10/Materials (discovered 4 exits: [*Mat x2] / [*Min] / *Sub) -10/Subcaves -8/Materials -7/Factory -7/Lower Caves History --------- Turn | Location | Event 4 | -11/Scrapyard | Discovered new exit (range 16) 65 | -11/Scrapyard | Entered Materials 230 | -10/Materials | Discovered new exit (range 16) 328 | -10/Materials | Build established: Mutant 546 | -10/Materials | Discovered new exit (range 13) 733 | -10/Materials | Discovered new exit (range 13) 817 | -10/Materials | Repaired Med. Laser 1277 | -10/Materials | Discovered new exit (range 13) 1318 | -10/Materials | Entered Subcaves 1332 | -10/Subcaves | Learned Materials emergency access door positions 1399 | -10/Subcaves | Lost 3 parts (1n2w) 1452 | -10/Subcaves | Disturbed a concealed Subdweller 2089 | -10/Subcaves | Shifting Twisted Machinery released Battle Rifle 2231 | -10/Subcaves | Visited Clippyterm 2236 | -10/Subcaves | Learned location of Extension (-4) 2236 | -10/Subcaves | Learned Factory garrison access intel 2255 | -10/Subcaves | Discovered new exit (range 4) 2286 | -10/Subcaves | Entered Materials 2286 | -8/Materials | Evolved 4 slots: Propulsion x2, Utility x2 2602 | -8/Materials | Build established: Scavenger-Mutant 2676 | -8/Materials | Repaired Aluminum Leg 2704 | -8/Materials | Repaired Aluminum Leg 3260 | -8/Materials | Discovered new exit (range 15) 3351 | -8/Materials | Entered Factory 3351 | -7/Factory | Evolved 2 slots: Power x1, Utility x1 3352 | -7/Factory | Loaded intel: 4 garrison access locations 3987 | -7/Factory | Build established: Mutant 4383 | -7/Factory | Lost 4 parts (2n1u1w) 4610 | -7/Factory | Lost 6 parts (1p2n1u2w) 5652 | -7/Factory | Discovered new exit (range 9) 5682 | -7/Factory | Entered Lower Caves 5780 | -7/Lower Caves | Ambushed by wild Derelicts 5781 | -7/Lower Caves | Attracted the attention of an 0b10 checkpoint 5801 | -7/Lower Caves | Core integrity fell below 50% 6106 | -7/Lower Caves | Lost 6 parts (4n2w) 6378 | -7/Lower Caves | Learned 8 Factory zone layouts 7205 | -7/Lower Caves | Attracted the attention of an 0b10 outpost 7237 | -7/Lower Caves | Core integrity fell below 20% 7269 | -7/Lower Caves | Destroyed by G-47 Trooper with Particle Gun Last Messages --------------- S-27 Virus destroyed. Switching to secondary target: S-27 Virus. Arc Projector destroyed. S-27 Virus destroyed. System corrupted: Component data lost. System corrupted: Hvy. Laser failed to cycle. Slug penetrates Wall. Cesium-ion Thruster destroyed. Penetrated by Slug. System corrupted: Energy discharge (-36). Slug penetrates Wall. Lgt. Nuclear Core destroyed. Gravmag System destroyed. Mak. Light Armor Plating destroyed. Sml. Storage Unit destroyed. Imp. Heat Sink destroyed. S-27 Virus destroyed. Penetrated by Slug. Adv. Targeting Computer destroyed. Penetrated by Slug. Map ----- +----------------------------------------------------+ | | | | | ?????????????????????????????????????????????????? | | ?????????????????????????????????????????????????? | | ?????????????????????????????????????????????????? | | ?????????????????????????????????????????????????? | | ?????????????????????????????????????????????????? | | ?????????????????????????????????????????????????? | | ?????????????????????????????????????????????????? | | ????????????????????????????#####????????????????? | | ???????????????????????????######????????????????? | | ???????????????????????????## ##????????????????? | | ???????????????????????????# #????????????????? | | ???????????????????????????? g??????????????????? | | ????????????????????????????s ???????????????????? | | ??????????????????####???### #####????????????? | | ?????????????????########### # ######???###?????? | | ?????????????????### ###### # ###???###?????# | | ????????????????### ### ##### ?????# | | ???????????????#### ## #### ##### ?????# | | ??????????????#### ## ## #### ????? | | ??????????????### #### ????? | | ??????????????## ##g????## ?????? | | ??????????????## ## =gbg ###?????# ?????? | | ?????????????????### *%Y ##????### ###??? | | ?????????????????## @## ## ?##### ###??? | | ???????????????? ## ### ### ### ##??? | | ???????????????? # ### ## ##### | | ???????????????? # ###### ### ##### | | ???????????????? ########### ####? ## # | | ???????????????? #####???# ###### ######## | | ?????????????????????????? ###### ####### | | ?????????????????????????????### ### | | ?????????????????????????????## | | ????????????????????????????### ## ## # | | ????????????????????????????## ### ### ## | | ????????????????????????????## ####[ ### ### | | ????????????????????????????## #####% ####### | | ????????????????????????????####### % #### ? | | ????????????????????????????##### * ##??? | | ??????????????????????????? $ ## | | ?????????????????????? ### | | ????????????????????? ##### ### | | ????????????????????? # ? ###### ##### | | ??????????????????????## ??????########### ## | | ??????????????????????"# ???????######?### ### | | ?????????????????????????????????????????? ## | | ?????????????????????????????????????????? ## | | ?????????????????????????????????????????? ## | | ?????????????????????????????????????????? | +----------------------------------------------------+ Best States ------------- Heat Dissipation 48 Energy Generation 27 Energy Capacity 480 Matter Stores 300 Matter Capacity 300 Sight Range 21 Terrain Scan Density 10 Armor Coverage 300 Power Shielding 33 Evasion (%) 55 Targeting Accuracy 8 Item Schematics ----------------- Imp. VTOL Module | -8/Materials | Scanalyzed Robot Schematics ------------------ None Fabricated ------------ Nothing Alien Tech Used ----------------- None Achievements -------------- Loot Pinata Challenges ------------ None Game ------ Seed DecoderAblativeTendrils Manual? 0 Play Time 01:21:08 Cumulative 10.3 hours Start 2024.11.20 @ 11:35:59 End 2024.11.20 @ 13:01:27 Sessions 1 Manual Loads 0 Difficulty Rogue Special Mode None Game No. 10 Rogue 10 Adventurer 0 Explorer 0 Win Type - Total 0 Types 0/0/0/0/0/0/0/0/0 Lore% 10 Gallery% 12 Achievement% 13 Wizard Run 0 Options --------- Layout 1 ASCII 0 Keyboard 0 Movement Mouse Keybinds 0 Fullscreen 1 Font 24/Smallcaps Map View 50x35 Zoom Use 0% Tactical HUD 0 Map Filters NONE Filters NONE Steam 1 RUN: 62fc3906-633e-42c3-8cb2-d04015b42188